 Dungeon Crawl Stone Soup version 0.27-a0-906-g0a00ce8 (webtiles) character file.

Game seed: 3677115453583552754

105 Nithhogg the Skirmisher (level 4, 0/35 HPs)
             Began as a Demonspawn Fighter on Apr 7, 2021.
             Slain by an orc
             ... wielding a +0 trident
              (3 damage)
             ... on level 3 of the Dungeon.
             The game lasted 00:04:07 (2825 turns).

Nithhogg the Skirmisher (Demonspawn Fighter)        Turns: 2825, Time: 00:04:07

Health: 0/35       AC:  6    Str: 17    XL:     4   Next: 54%
Magic:  5/5        EV:  7    Int: 10    God:
Gold:   76         SH:  9    Dex: 12    Spells: 3/3 levels left

rFire    . . .     SeeInvis .   a - +0 long sword
rCold    + . .     Faith    .   c - +0 kite shield
rNeg     . . .     Spirit   .   b - +0 scale mail
rPois    .         Reflect  .   (helmet restricted)
rElec    .         Harm     .   (no cloak)
rCorr    .         Rampage  .   (no gloves)
Will     .....                  (no boots)
Stlth    ..........             (no amulet)
HPRegen  0.11/turn              d - ring of protection from cold
MPRegen  0.09/turn              (no ring)

@: no status effects
A: horns 1, spiny 1
a: no special abilities


You were on level 3 of the Dungeon.
You visited 1 branch of the dungeon, and saw 3 of its levels.

You collected 76 gold pieces.

Inventory:

Hand Weapons
 a - a +0 long sword (weapon)
Armour
 b - a +0 scale mail (worn)
 c - a +0 kite shield (worn)
Jewellery
 d - a ring of protection from cold (left hand)
 g - a ring of protection from fire
Scrolls
 j - a scroll of enchant armour {unknown}
Potions
 e - a potion of haste {unknown}
 f - 2 potions of heal wounds {unknown}
 h - a potion of curing {unknown}
 i - a potion of attraction {unknown}


   Skills:
 + Level 3.5 Fighting
 + Level 2.3 Long Blades
 + Level 3.2 Armour
 + Level 1.2 Dodging
 + Level 3.1 Shields
 + Level 2.0 Invocations


You had 3 spell levels left.
You didn't know any spells.
Your spell library contained the following spells:

 Spells                   Type           Power      Damage    Failure   Level
 Animate Skeleton         Necr           0%         N/A       99%         1
 Apportation              Tloc           0%         N/A       99%         1
 Corona                   Hex            0%         N/A       99%         1
 Summon Small Mammal      Summ           0%         N/A       99%         1


Dungeon Overview and Level Annotations

Branches:
Dungeon (3/15)

Altars:


Innate Abilities, Weirdness & Mutations

You have a pair of small horns on your head.
You are partially covered in sharp spines.


Message History

The orc hits you from afar with a +0 trident!
The kobold is struck by your spines. The kobold barely misses you.
Your Invocations skill increases to level 2!
You are too injured to fight recklessly!
You are too injured to fight recklessly!
You are too injured to fight recklessly!
You are too injured to fight recklessly!
You are too injured to fight recklessly!
You are too injured to fight recklessly!
You are too injured to fight recklessly!
You are too injured to fight recklessly!
You are too injured to fight recklessly!
You are too injured to fight recklessly!
You are too injured to fight recklessly!
You are too injured to fight recklessly!
You are too injured to fight recklessly!
You block the kobold's attack.
Things that are here:
22 stones; a +0 club; a kobold corpse You closely miss the kobold.
The kobold is severely wounded.
The orc hits you from afar with a +0 trident.
You block the kobold's attack.
You hit the kobold.
You kill the kobold!
The orc hits you from afar with a +0 trident.
The orc hits you but does no damage.
You slash the kobold!
You kill the kobold!
The orc hits you from afar with a +0 trident.
* * * LOW HITPOINT WARNING * * *
You block the orc's attack. You block the orc's attack.
You hit the orc but do no damage. The orc is struck by your spines.
The orc hits you with a +0 trident!
* * * LOW HITPOINT WARNING * * *
You barely miss the orc.
The orc is heavily wounded.
The orc hits you with a +0 trident.
You die...

#.##+##.#.........
#....<#.#..#..####
#..#.##.#..#..# #
...#..#.##.#.....####
...#.................
#..#................. .
#..#.##.............# #..
#..#.##..#.#.....##.#
....##..#@##........>.##.#
........#o##..#.##.##.##.#
#).(.................
..........................
#.........................
#...##..####.......#.###..
#.. #..# #..#.#..#.# #..
#. #... #..#.#..#.###.. #
#... ............##..


You could see an orc.

Vanquished Creatures
  3 gnolls
  A worm (D:1)
  2 dart slugs
  3 orcs (D:3)
  4 bats
  5 endoplasms (D:1)
  4 giant cockroaches
  3 goblins (D:1)
  7 hobgoblins
  5 jackals (D:1)
  4 quokkas
  2 ball pythons
  2 frilled lizards (D:1)
  7 kobolds
  8 rats
60 creatures vanquished.

Notes
Turn   | Place    | Note
-------+----------+-------------------------------------------
     0 | D:1      | Nithhogg the Demonspawn Fighter began the quest for the
                  | Orb.
     0 | D:1      | Reached XP level 1. HP: 18/18 MP: 1/1
     1 | D:1      | Found a runed translucent door.
   184 | D:1      | Gained mutation: You have a pair of small horns on your
                  | head. [demonic ancestry]
   184 | D:1      | Reached XP level 2. HP: 24/24 MP: 2/2
   513 | D:1      | Reached skill level 1 in Invocations
  1008 | D:1      | Reached XP level 3. HP: 25/29 MP: 3/3
  1302 | D:1      | HP: 1/29 [gnoll/+0 club (3)]
  1305 | D:1      | Reached skill level 1 in Dodging
  1611 | D:2      | Gained mutation: You are partially covered in sharp spines.
                  | [demonic ancestry]
  1611 | D:2      | Reached XP level 4. HP: 27/35 MP: 5/5
  2825 | D:3      | Slain by an orc

Illustrated notes

Levels and vault maps discovered:
D:1:      dpeg_arrival_caged_fury, layout_loops_corners
D:2:      layout_basic, nrook_campfire
D:3:      minmay_goblin_kobold_castle, layout_basic,
          ebering_ghost_reflecting_pool, uniq_ijyb

Skill      XL: |  1  2  3  4 |
---------------+-------------+-----
Long Blades    | 2 |  2.3
Invocations    | 1 2 |  2.0
Shields        | 3 |  3.1
Armour         | 3 |  3.2
Dodging        | 1 |  1.2
Fighting       | |  3.5

Action                   |  1- 3 |  4- 6 || total
-------------------------+-------+-------++-------
Melee: Long sword        |    88 |    32 ||   120
       Headbutt          |    13 |     4 ||    17
  Use: Potion            |     1 |       ||     1
Armor: Scale mail        |    38 |    15 ||    53
Dodge: Dodged            |    32 |     9 ||    41
Block: Kite shield       |    49 |    18 ||    67
       Rpst.: Long sword |    10 |     4 ||    14

Table legend: (Time is in decaauts)
 A = Elapsed time spent in this place.
 B = Non-inter-level travel time spent in this place.
 C = Inter-level travel time spent in this place.
 D = Time resting spent in this place.
 E = Time spent auto-exploring this place.
 F = Levels seen in this place.
 G = Mean time per level.
                   A        B        C        D        E       F      G
               +--------+--------+--------+--------+--------+-----+--------+
         Total |   2890 |   2855 |     35 |    299 |   2214 |   3 |  963.3 |
       Dungeon |   2890 |   2855 |     35 |    299 |   2214 |   3 |  963.3 |
               +--------+--------+--------+--------+--------+-----+--------+

Top non-repeatable levels by time:
     D:1: 1465 daAuts
     D:2: 1293 daAuts
     D:3: 132 daAuts
